 Dungeon Crawl Stone Soup version 0.24-a0-342-gad4687c37d (webtiles) character file.

Game seed: 14472286048693272400

28 mhoghedin the Magician (level 3, -6/28 HPs)
             Began as a Mummy Wanderer on May 21, 2019.
             Mangled by Terence
             ... wielding a +0 flail
              (11 damage)
             ... on level 2 of the Dungeon.
             The game lasted 00:01:31 (1036 turns).

mhoghedin the Magician (Mummy Wanderer)             Turns: 1036, Time: 00:01:32

Health: -6/28      AC:  2    Str: 15    XL:     3   Next: 0%
Magic:  6/8        EV: 11    Int: 13    God:
Gold:   67         SH:  0    Dex: 10    Spells: 9/10 levels left

rFire    x . .     SeeInvis .   a - +2 mace
rCold    + . .     Gourm    .   (no shield)
rNeg     + + +     Faith    .   d - +0 robe
rPois    ∞         Spirit   .   (no helmet)
rElec    .         Reflect  .   (no cloak)
rCorr    .         Harm     .   (no gloves)
MR       .....                  (no boots)
Stlth    +.........             (no amulet)
HPRegen  0.09/turn              (no ring)
MPRegen  0.11/turn              (no ring)

@: no status effects
A: no food or potions, fire vulnerability, cold resistance 1, negative energy
resistance 3, torment resistance, unbreathing
a: no special abilities


You were on level 2 of the Dungeon.
You were not hungry.

You visited 1 branch of the dungeon, and saw 2 of its levels.

You collected 67 gold pieces.

Inventory:

Hand Weapons
 a - a +2 mace (weapon)
Missiles
 g - 27 stones (quivered)
Armour
 d - a +0 robe (worn)
 e - a +0 pair of boots
   (You found it on level 1 of the Dungeon)
Scrolls
 b - a scroll of teleportation
 c - 2 scrolls of identify {unknown}
 f - a scroll of remove curse {unknown}


   Skills:
 + Level 2.8 Fighting
 + Level 2.3 Maces & Flails
 - Level 1.0 Throwing
 - Level 1.0 Armour
   Level 1.0 Shields
 - Level 4.0 Spellcasting


You had 9 spell levels left.
You knew the following spells:

 Your Spells              Type           Power        Failure   Level  Hunger
a - Sandblast             Erth           #.....       21%         1    N/A

Your spell library contained the following spells:

 Spells                   Type           Power        Failure   Level  Hunger
 Stone Arrow              Conj/Erth      #.....       52%         3    N/A

Dungeon Overview and Level Annotations

Branches:
Dungeon (2/15)

Altars:

Annotations:
D:2 Terence


Innate Abilities, Weirdness & Mutations

You do not eat or drink.
Your flesh is vulnerable to fire.
You are immune to poison.
Your flesh is cold resistant. (rC+)
You are immune to negative energy. (rN+++)
You are immune to unholy pain and torment.
You can survive without breathing.


Message History

The kobold shouts!
The rat completely misses you.
You hit the rat.
You kill the rat!
You see here a rat corpse.
You barely miss the kobold. The kobold barely misses you.
You closely miss the kobold. The kobold hits you.
You take 3 damage, and have 20/23 hp.
You closely miss the kobold. The kobold barely misses you. x2
You hit the kobold.
You kill the kobold!
No target in view!
You see here a rat corpse.
A bat comes into view.
Health restored: 23 A bat is nearby!
A bat is nearby!
The bat closely misses you. The bat barely misses you.
You completely miss the bat. The bat closely misses you.
The bat barely misses you. The bat misses you. The bat barely misses you.
You thump the bat!
You kill the bat!
You have reached level 3!
Your experience leads to an increase in your attributes!
Increase (S)trength, (I)ntelligence, or (D)exterity?
You feel clever.
Health restored: 28; MP restored: 8 You see here a bat corpse.
f - a scroll labeled BOTALOKUIVIO You see here 13 bolts.
You now have 67 gold pieces (gained 12).
You see here 13 bolts.
You see here a dagger.
Partly explored, can't reach some items.
Partly explored, can't reach some items.
(D) Dungeon
Where to? (? - help)
You see here a cursed -2 club.
There is a stone staircase leading down here.
You climb downwards.
There is a stone staircase leading up here.
Terence the Incautious comes into view.
He is wielding a +0 flail and wearing a +2 ring mail of cold resistance.
Terence shouts!
Found 9 gold pieces.
Found a stone staircase leading down.
Aim: Terence, wielding a +0 flail and wearing a +2 ring mail of cold resistance You don't have any stones to cast with.
There is a stone staircase leading up here.
You climb upwards.
There is a stone staircase leading down here.
Search for what [? for help]? stone You see here 13 bolts.
You see here 15 stones.
g - 15 stones
g - 30 stones (gained 15) Partly explored, can't reach some items.
Partly explored, can't reach some items.
Partly explored, can't reach some items.
(D) Dungeon
Where to? (Enter - D:1 @ (x,y), ? - help)
You see here 13 bolts.
You see here a dagger.
There is a stone staircase leading down here.
You climb downwards.
Level annotation: Terence Terence is too close now for your liking.
There is a stone staircase leading up here.
Terence is nearby!
You hit Terence but do no damage. Terence closely misses you.
You hit Terence but do no damage.
Terence shouts, "Get ready for death!"
Terence hits you but does no damage.
Aim: Terence, wielding a +0 flail and wearing a +2 ring mail of cold resistance The blast of sand hits Terence but does no damage.
g - 29 stones Terence hits you but does no damage.
You now have 7/8 mp.
Aim: Terence, wielding a +0 flail and wearing a +2 ring mail of cold resistance The blast of sand hits Terence but does no damage.
g - 28 stones Terence closely misses you.
You now have 6/8 mp.
Aim: Terence, wielding a +0 flail and wearing a +2 ring mail of cold resistance The blast of sand hits Terence but does no damage.
g - 27 stones Terence hits you with a +0 flail!
You take 10 damage, and have 18/28 hp.
MASSIVE DAMAGE!!
You now have 5/8 mp.
You barely miss Terence. Terence barely misses you.
You hit Terence but do no damage. Terence hits you with a +0 flail!
You take 8 damage, and have 10/28 hp.
MASSIVE DAMAGE!!
You hit Terence. Terence closely misses you.
You hit Terence but do no damage. Terence hits you with a +0 flail.
* * * LOW HITPOINT WARNING * * *
You take 5 damage, and have 5/28 hp.
Unknown command.
You barely miss Terence. Terence hits you with a +0 flail!
You die...

.. .. #. #.
#. #.
##..##.######
..........@@#
.....#.######
... #$ . ..
#.. #.. ##>
##


You could see Terence.

Vanquished Creatures
  An ooze (D:1)
  A dart slug (D:1)
  4 bats (D:1)
  A goblin (D:1)
  5 hobgoblins (D:1)
  A frilled lizard (D:1)
  5 kobolds (D:1)
  6 rats (D:1)
24 creatures vanquished.

Notes
Turn   | Place    | Note
-------+----------+-------------------------------------------
     0 | D:1      | mhoghedin the Mummy Wanderer began the quest for the Orb.
     0 | D:1      | mhoghedin set off with the following items: a +2 mace, a
                  | scroll of teleportation, a +0 robe; and the following spell
                  | memorised: Sandblast; and the following spells available to
                  | memorise: Stone Arrow
     0 | D:1      | Reached XP level 1. HP: 16/16 MP: 5/5
   385 | D:1      | Reached skill level 2 in Maces & Flails
   385 | D:1      | Reached XP level 2. HP: 20/23 MP: 7/7
   824 | D:1      | Reached XP level 3. HP: 28/28 MP: 8/8
   961 | D:2      | Noticed Terence
  1035 | D:2      | HP: 5/28 [Terence/+0 flail (5)]
  1036 | D:2      | Mangled by Terence

Levels and vault maps discovered:
D:1:      minmay_arrival_nine_rooms, layout_rooms,
          corexii_item_surrounded_by_moat, minmay_nonomino_d4
D:2:      layout_basic, uniq_terence

Skill      XL: |  1 |
---------------+----+-----
Maces & Flails | 2 |  2.3
Fighting       | |  2.8
Throwing       | |  1.0
Armour         | |  1.0
Shields        | |  1.0
Spellcasting   | |  4.0

Action                   || total
-------------------------++-------
Melee: Mace              ||    69
 Cast: Sandblast         ||     3
Armor: Robe              ||    17
Dodge: Dodged            ||    47

Table legend:
 A = Non-vault XP
 B = Vault XP
 C = Vault XP percentage of total XP
 D = Non-vault monster count
 E = Vault monster count
 F = Vault count percentage of total count
                 A         B        C        D         E       F
            +---------+---------+-------+---------+---------+-------
      Total |      40 |       1 |   2.4 |      23 |       1 |   4.2
            +---------+---------+-------+---------+---------+-------
        D:1 |      40 |       1 |   2.4 |      23 |       1 |   4.2
            +---------+---------+-------+---------+---------+-------

Levels and vault maps discovered:
D:1:      minmay_arrival_nine_rooms, layout_rooms,
          corexii_item_surrounded_by_moat, minmay_nonomino_d4
D:2:      layout_basic, uniq_terence

Table legend:
 A = Turns spent in this place as a percentage of turns spent in the entire game.
 B = Non-inter-level travel turns spent in this place as a percentage of non-inter-level travel turns spent in the entire game.
 C = Inter-level travel turns spent in this place as a percentage of turns spent in this place.
 D = Turns resting spent in this place as a percentage of non-inter-level travel turns spent in this place.
 E = Turns spent auto-exploring this place as a percentage of non-inter-level travel turns spent in this place.
 F = Non-inter-level travel turns spent in this place divided by the number of levels of this place that you've seen.
                   A       B       C       D       E      F
               +-------+-------+-------+-------+-------+----------------------
         Total | 100.0 | 100.0 |   7.1 |  35.3 |  45.6 | 481.0
       Dungeon | 100.0 | 100.0 |   7.1 |  35.3 |  45.6 | 481.0
               +-------+-------+-------+-------+-------+----------------------

Table legend:
 A = Kills in this place as a percentage of kills in entire the game.
 B = Kills by you in this place as a percentage of kills by you in the entire game.
 C = Kills by friends in this place as a percentage of kills by friends in the entire game.
 D = Other kills in this place as a percentage of other kills in the entire game.
 E = Experience gained in this place as a percentage of experience gained in the entire game.
 F = Experience gained in this place divided by the number of levels of this place that you have seen.
                   A       B       C       D       E      F
               +-------+-------+-------+-------+-------+----------------------
         Total | 100.0 | 100.0 |   N/A |   N/A | 100.0 |  20.5
       Dungeon | 100.0 | 100.0 |   N/A |   N/A | 100.0 |  20.5
               +-------+-------+-------+-------+-------+----------------------
